 Dungeon Crawl Stone Soup version 0.27.0-65-ge2af304b15 (webtiles) character file.

Game seed: 15308210472736600261

62 Ishikawa the Skirmisher (level 3, -9/29 HPs)
             Began as a Demonspawn Fighter on Aug 17, 2021.
             Was a Believer of Nemelex Xobeh.
             Killed by divine providence
             ... invoked by an orc priest
              (11 damage)
             ... on level 3 of the Dungeon.
             The game lasted 00:07:03 (1551 turns).

Ishikawa the Skirmisher (Demonspawn Fighter)        Turns: 1551, Time: 00:07:04

Health: -9/29      AC: 17    Str: 17    XL:     3   Next: 85%
Magic:  3/3        EV:  4    Int:  9    God:    Nemelex Xobeh [**....]
Gold:   54         SH:  9    Dex: 12    Spells: 2/2 levels left

rFire    + . .     SeeInvis .   a - +0 flail
rCold    + . .     Faith    .   c - +0 kite shield
rNeg     . . .     Spirit   .   h - +0 chain mail
rPois    +         Reflect  .   f - +2 hat
rElec    +         Harm     .   (no cloak)
rCorr    +         Rampage  .   (no gloves)
Will     .....                  (no boots)
Stlth    ..........             (no amulet)
HPRegen  0.09/turn              (no ring)
MPRegen  0.08/turn              (no ring)

@: resistant, sanguine armoured
A: demonic guardian 1, sanguine armour 1
a: Renounce Religion, Draw Escape, Draw Destruction, Draw Summoning


You were on level 3 of the Dungeon.
You worshipped Nemelex Xobeh.
Nemelex Xobeh was pleased with you.
You visited 1 branch of the dungeon, and saw 3 of its levels.

You collected 54 gold pieces.

Inventory:

Hand Weapons
 a - a +0 flail (weapon)
Missiles
 e - 2 silver boomerangs (quivered)
Armour
 b - a +0 scale mail
 c - a +0 kite shield (worn)
 f - a +2 hat (worn)
 h - a +0 chain mail (worn)
Scrolls
 g - 2 scrolls of identify {unknown}
Potions
 d - a potion of might
 i - a potion of heal wounds {unknown}
 j - a potion of brilliance {unknown}
 k - a potion of curing {unknown}
 l - a potion of resistance
 m - a potion of attraction {unknown}


   Skills:
 * Level 3.3 Fighting
 * Level 2.6 Maces & Flails
 + Level 3.2 Armour
 + Level 3.1 Shields


You had 2 spell levels left.
You didn't know any spells.
Your spell library contained the following spells:

 Spells                   Type           Power      Damage    Failure   Level
 Passwall                 Tmut/Erth      0%         N/A       100%        2
 Swiftness                Air            0%         N/A       100%        3
 Invisibility             Hex            0%         N/A       100%        6


Dungeon Overview and Level Annotations

Branches:
Dungeon (3/15)

Altars:
Nemelex Xobeh

Shops:
D:2 :


Innate Abilities, Weirdness & Mutations

A weak demonic guardian rushes to your aid.
When seriously injured, your bleeding wounds create armour. (AC +6)


Message History

The orc hits you with a +0 club.
* * * LOW HITPOINT WARNING * * *
A demonic guardian appears!
You thump the orc!
You kill the orc!
You hit the orc priest.
The orc priest is lightly wounded.
Your quasit bites the orc priest.
Your quasit claws the orc priest.
Your quasit closely misses the orc priest.
You block the orc priest's attack.
Your quasit barely misses the orc priest.
Your quasit closely misses the orc priest.
Your quasit claws the orc priest but does no damage.
The orc priest hits you with a +0 morningstar!
* * * LOW HITPOINT WARNING * * *
It was a potion of resistance.
You feel protected.
Your quasit bites the orc priest.
Your quasit claws the orc priest. x2
The orc priest invokes the aid of Beogh against your quasit.
Your quasit is smitten.
Your quasit bites the orc priest.
Your quasit barely misses the orc priest. x2
You closely miss the orc priest.
The orc priest is severely wounded.
Your quasit bites the orc priest.
Your quasit closely misses the orc priest.
Your quasit claws the orc priest but does no damage.
The orc priest invokes the aid of Beogh against your quasit.
Your quasit is smitten.
Your quasit dies!
You barely miss the orc priest.
The orc priest shouts!
The orc priest is severely wounded.
You block the orc priest's attack. The orc priest barely misses you.
You completely miss the orc priest.
The orc priest is severely wounded.
The orc priest invokes the aid of Beogh against you.
Beogh smites you!
You die...
Your body disappears without a glow.

.....>..(##.#######
######.............
###.<#.#######
##...## ##...#
#...#######..
..#............
#........####.
#...#.#....@.#
.....>.....#o####
#..#####...#....#
#.# #...####.## .
#...# #..# #####
##........
#........ [........
.........


You could see an orc priest.

Vanquished Creatures
  A worm (D:2)
  2 dart slugs
  An orc (D:3)
  5 endoplasms
  3 giant cockroaches
  3 goblins (D:1)
  5 hobgoblins
  4 kobolds
  5 quokkas
  2 ball pythons (D:2)
  4 bats (D:2)
  4 frilled lizards
  6 rats
45 creatures vanquished.

Vanquished Creatures (collateral kills)
  A worm (D:2)
  An endoplasm (D:2)
2 creatures vanquished.

Grand Total: 47 creatures vanquished

Notes
Turn   | Place    | Note
-------+----------+-------------------------------------------
     0 | D:1      | Ishikawa the Demonspawn Fighter began the quest for the
                  | Orb.
     0 | D:1      | Reached XP level 1. HP: 18/18 MP: 1/1
   191 | D:1      | Gained mutation: A weak demonic guardian rushes to your
                  | aid. [demonic ancestry]
   191 | D:1      | Reached XP level 2. HP: 24/24 MP: 2/2
   452 | D:1      | Found a faded altar of an unknown god.
   465 | D:1      | Became a worshipper of Nemelex Xobeh the Trickster
   465 | D:1      | Reached * piety under Nemelex Xobeh
   465 | D:1      | Received a gift from Nemelex Xobeh
   816 | D:2      | Gained mutation: When seriously injured, your bleeding
                  | wounds create armour. (AC +6) [demonic ancestry]
   816 | D:2      | Reached XP level 3. HP: 29/29 MP: 3/3
   943 | D:2      | Found Inanud's Book Shoppe.
  1513 | D:3      | Reached ** piety under Nemelex Xobeh
  1547 | D:3      | HP: 1/29 [orc priest (7)]
  1551 | D:3      | Killed from afar by an orc priest

Illustrated notes

Levels and vault maps discovered:
D:1:      eino_arrival_cavern_b, layout_basic, chequers_ecumenical_altar_simple,
          chequers_garden, st_stairs_12
D:2:      minmay_skewed_foursquare, layout_rooms, serial_shops,
          nicolae_square_shop, minmay_misc_feat_encased, minmay_tiny_reverse_x
D:3:      layout_rooms, grunt_temple_overflow_open, uniq_natasha, uniq_grinder

Skill      XL: |  1  2  3 |
---------------+----------+-----
Armour         | 3 |  3.2
Maces & Flails | 2 |  2.6
Shields        | 3 |  3.1
Fighting       | |  3.3

Action                   || total
-------------------------++-------
Melee: Flail             ||   144
Throw: Boomerang         ||     1
  Use: Potion            ||     1
Armor: Scale mail        ||    23
       Chain mail        ||    59
Dodge: Dodged            ||    24
Block: Kite shield       ||    71
